 Dungeon Crawl Stone Soup version 0.29-a0-275-g389c0b56f3 (webtiles) character file.

Game seed: 17007286538116049833

15 Hubjo the Chucker (level 2, -3/21 HPs)
             Began as a Demonspawn Wanderer on Mar 9, 2022.
             Was a Follower of Yredelemnul.
             Slain by a gnoll
             ... wielding a +0 spear
              (8 damage)
             ... on level 1 of the Dungeon.
             The game lasted 00:01:17 (847 turns).

Hubjo the Chucker (Demonspawn Wanderer)              Turns: 847, Time: 00:01:19

Health: -3/21      AC:  2    Str: 13    XL:     2   Next: 34%
Magic:  3/3        EV: 10    Int: 13    God:    Yredelemnul [*.....]
Gold:   39         SH:  4    Dex: 11    Spells: 2/3 levels left

rFire   . . .      SeeInvis .   a - +2 dagger
rCold   . . .      Faith    .   c - +0 buckler
rNeg    . . .      Spirit   .   e - +0 robe
rPois   .          Reflect  .   (no helmet)
rElec   .          Harm     .   (no cloak)
rCorr   .          Rampage  .   (no gloves)
Will    .....                   (no boots)
Stlth   +.........              (no amulet)
HPRegen 0.07/turn               (no ring)
MPRegen 0.08/turn               (no ring)

@: no status effects
A: demonic guardian 1
a: Renounce Religion, Recall Undead Harvest


You were on level 1 of the Dungeon.
You worshipped Yredelemnul.
Yredelemnul was noncommittal.
You visited 1 branch of the dungeon, and saw 1 of its levels.

You collected 39 gold pieces.

Inventory:

Hand Weapons
 a - a +2 dagger (weapon)
Missiles
 b - a curare-tipped dart (quivered)
 f - 2 poisoned darts
Armour
 c - a +0 buckler (worn)
 e - a +0 robe (worn)
Scrolls
 g - 2 scrolls of identify {unknown}
 h - a scroll of magic mapping {unknown}
 k - 2 scrolls of fear {unknown}
Potions
 d - a potion of berserk rage
 i - a potion of cancellation {unknown}
 j - 2 potions of ambrosia {unknown}


   Skills:
 * Level 1.5 Fighting
 + Level 0.4 Short Blades
 - Level 3.6 Throwing
 + Level 1.9 Shields
 + Level 1.2 Spellcasting
 + Level 2.0 Translocations


You had 2 spell levels left.
You knew the following spells:

 Your Spells              Type           Power      Damage    Failure   Level
a - Apportation           Tloc           12%        N/A       16%         1

Your spell library contained the following spells:

 Spells                   Type           Power      Damage    Failure   Level
 Teleport Other           Tloc           6%         N/A       43%         3


Dungeon Overview and Level Annotations

Branches:
Dungeon (1/15)

Altars:
Yredelemnul


Innate Abilities, Weirdness & Mutations

A weak demonic guardian rushes to your aid.


Message History

Your bat zombie hits the gnoll but does no damage.
The giant cockroach bites you. The giant cockroach barely misses you.
Your bat zombie hits the gnoll but does no damage.
You block the gnoll's attack.
Your ufetubus hits the plant.
The plant begins to die.
Your ufetubus hits the plant. You hit the plant.
The plant is lightly damaged.
Your bat zombie hits the gnoll but does no damage.
Your bat zombie closely misses the gnoll.
Your quokka zombie barely misses the gnoll.
The giant cockroach bites you but does no damage.
The gnoll barely misses you.
You hit the plant.
The plant is lightly damaged.
Your bat zombie hits the plant. x2; The giant cockroach bites you.
Your quokka zombie bites the gnoll.
The gnoll barely misses you.
Your ufetubus barely misses the gnoll.
Your ufetubus hits the gnoll. You hit the plant but do no damage.
The plant is lightly damaged.
Your bat zombie hits the plant. x2; The giant cockroach bites you.
* * * LOW HITPOINT WARNING * * *
Your bat zombie hits the plant.
Your ufetubus hits the giant cockroach.
Your ufetubus closely misses the giant cockroach.
Your quokka zombie barely misses the gnoll.
The gnoll hits your ufetubus with a +0 spear.
You are too injured to fight recklessly!
You are too injured to fight recklessly!
You hit the gnoll.
The gnoll is severely wounded.
Your bat zombie hits the plant. x2
Your ufetubus misses the giant cockroach.
Your ufetubus closely misses the giant cockroach.
The giant cockroach bites you but does no damage.
Your bat zombie hits the plant.
Your quokka zombie barely misses the gnoll.
Your ufetubus closely misses the giant cockroach.
Your ufetubus barely misses the giant cockroach.
The gnoll hits you with a +0 spear!
You die...
Your body rises from the dead as a mindless zombie. #.ZZ....# #..# #######Z# #..######## ########Z# ########.......... #ZZZZ.ZZ>#

#...........######
#.########
#...............#
###
#.Z..Z......###.#
#.##.Z##Z#######
#....Zg5Z##
#..PP.B@Z.#
#.PP..PPP.#
#.P.....P.#
#.P...P.P...
.......P..###
$..P...PP.#
...PPPP...#
...........


You could see a gnoll (ally target), a giant cockroach, a friendly ufetubus
(summoned), a friendly frilled lizard zombie, 2 friendly bat zombies, a friendly
adder zombie, a friendly quokka zombie, a friendly giant cockroach zombie and a
friendly hobgoblin zombie.

Vanquished Creatures
  A dart slug (D:1)
  A bat (D:1)
  A goblin (D:1)
  2 quokkas (D:1)
  3 kobolds (D:1)
  A rat (D:1)
9 creatures vanquished.

Vanquished Creatures (collateral kills)
  A hobgoblin (D:1)
  A quokka (D:1)
  2 frilled lizards (D:1)
4 creatures vanquished.

Vanquished Creatures (others)
  2 plants (D:1)
  4 toadstools (D:1)
6 creatures vanquished.

Grand Total: 19 creatures vanquished

Notes
Turn   | Place    | Note
-------+----------+-------------------------------------------
     0 | D:1      | Hubjo the Demonspawn Wanderer began the quest for the Orb.
     0 | D:1      | Hubjo set off with the following items: a +2 dagger, a
                  | curare-tipped dart, a +0 buckler, a potion of berserk rage,
                  | a +0 robe; and the following spell memorised: Apportation;
                  | and the following spells available to memorise: Teleport
                  | Other
     0 | D:1      | Reached XP level 1. HP: 15/15 MP: 2/2
   369 | D:1      | Found a faded altar of an unknown god.
   374 | D:1      | Prayed at the altar of an unknown god.
   374 | D:1      | Became a worshipper of Yredelemnul the Dark
   374 | D:1      | Reached * piety under Yredelemnul
   377 | D:1      | Gained mutation: A weak demonic guardian rushes to your
                  | aid. [demonic ancestry]
   377 | D:1      | Reached XP level 2. HP: 20/21 MP: 3/3
   847 | D:1      | Slain by a gnoll

Illustrated notes

Levels and vault maps discovered:
D:1:      ldierk_walled_garden_2, layout_basic,
          hellmonk_ecumenical_altar_heavens_door, serial_shops,
          nicolae_lakefront_shop, nicolae_grassy_gnolls

Skill      XL: |  1  2 |
---------------+-------+-----
Translocations | 2 |  2.0
Fighting       | |  1.5
Short Blades   | |  0.4
Throwing       | |  3.6
Shields        | |  1.9
Spellcasting   | |  1.2

Action                   || total
-------------------------++-------
Melee: Dagger            ||    56
 Stab: Sleeping          ||     1
Armor: Robe              ||     7
Dodge: Dodged            ||    33
Block: Buckler           ||    13

Table legend: (Time is in decaauts)
 A = Elapsed time spent in this place.
 B = Non-inter-level travel time spent in this place.
 C = Inter-level travel time spent in this place.
 D = Time resting spent in this place.
 E = Time spent auto-exploring this place.
 F = Levels seen in this place.
 G = Mean time per level.
                   A        B        C        D        E       F      G
               +--------+--------+--------+--------+--------+-----+--------+
         Total |    849 |    849 |      0 |      0 |    717 |   1 |  849.0 |
       Dungeon |    849 |    849 |      0 |      0 |    717 |   1 |  849.0 |
               +--------+--------+--------+--------+--------+-----+--------+

Top non-repeatable levels by time:
     D:1: 849 daAuts
